 Dungeon Crawl Stone Soup version 0.20.1-1-g8b1a95d (webtiles) character file.

264 vatarom the Insei (level 5, 0/45 HPs)
             Began as a Draconian Transmuter on Sept 21, 2017.
             Slain by a jackal (1 damage)
             ... on level 4 of the Dungeon.
             The game lasted 00:06:41 (3093 turns).

vatarom the Insei (Draconian Transmuter)            Turns: 3093, Time: 00:06:41

Health: 0/45       AC:  5    Str: 12    XL:     5   Next: 98%
Magic:  3/8        EV: 13    Int: 14    God:
Gold:   103        SH:  0    Dex: 12    Spells: 5/8 levels left

rFire    . . .     SeeInvis .     - Unarmed
rCold    . . .     Gourm    .   (no shield)
rNeg     . . .     Faith    .   (armour unavailable)
rPois    .         Spirit   .   (helmet restricted)
rElec    .         Reflect  .   (no cloak)
rCorr    .         Harm     .   (no gloves)
MR       .....                  (no boots)
Stlth    +.........             (no amulet)
Regen    0.2/turn               (no ring)
MPRegen  0.2/turn               (no ring)

@: flying, very slightly contaminated
A: unfitting armour, cold-blooded, AC +5
a: no special abilities


You were on level 4 of the Dungeon.
You were very hungry.

You visited 1 branch of the dungeon, and saw 6 of its levels.

You collected 103 gold pieces.

Inventory:

Missiles
 a - 43 arrows
Wands
 g - a wand of random effects (28/48)
Scrolls
 d - 2 scrolls of identify
 f - 2 scrolls of remove curse
Potions
 i - 2 potions of flight
Books
 b - a book of Changes

   Spells                             Type                      Level
   a - Beastly Appendage              Transmutation                1
   b - Sticks to Snakes               Transmutation                2
   c - Spider Form                    Transmutation/Poison         3
   d - Ice Form                       Ice/Transmutation            4
   e - Blade Hands                    Transmutation                5
Comestibles
 c - 2 bread rations
 h - a royal jelly
 j - 4 fruits
 k - 2 chunks of flesh
 m - a meat ration


   Skills:
 + Level 3.3 Fighting
 + Level 3.2 Dodging
 * Level 5.1 Unarmed Combat
 - Level 2.0 Spellcasting
 - Level 2.0 Transmutations


You had 5 spell levels left.
You knew the following spells:

 Your Spells              Type           Power        Failure   Level  Hunger
a - Beastly Appendage     Tmut           #.....       11%         1    ##.....
b - Sticks to Snakes      Tmut           #.......     16%         2    ###....


Dungeon Overview and Level Annotations

Branches:
Dungeon (6/15)
 Temple: D:4-7

Altars:
Nemelex Xobeh


Innate Abilities, Weirdness & Mutations

Your plain brown scales are hard. (AC +5)
You cannot fit into any form of body armour.
You are cold-blooded and may be slowed by cold attacks.


Message History

The gnoll misses you. The gnoll barely misses you.
Unknown command.
You see here 12 gold pieces.
You hit the jackal.
The jackal is moderately wounded.
The jackal misses you.
You barely miss the jackal.
The jackal is moderately wounded.
The gnoll hits you.
* * * LOW HITPOINT WARNING * * *
The jackal bites you.
* * * LOW HITPOINT WARNING * * *
The gnoll closely misses you.
Okay, then.
You feel very buoyant.
You fly up into the air.
The jackal bites you but does no damage.
The gnoll barely misses you. The gnoll closely misses you.
The jackal bites you.
You die...

######## #.....(#### #
#.#.gg@h..#########
#.#.#####.#g#####.........#
..........#.# #.#######.#
#........g# #.# #>#
#########.# #.#### ##.####
#g#####....###.#...#
#...g†g....†..##...#
######.###.###.#÷..#
#.###.####.#.##


You could see 3 gnolls and a jackal.

Vanquished Creatures
  2 scorpions (D:4)
  A howler monkey (D:4)
  2 worker ants (D:4)
  A gnoll (D:4)
  An adder (D:2)
  3 worms (D:2)
  A dart slug (D:2)
  2 leopard geckos
  4 giant cockroaches
  2 hobgoblins
  A jackal (D:4)
  2 quokkas
  A ball python (D:2)
  5 bats
  3 frilled lizards
  A goblin (D:1)
  4 kobolds
  4 rats
40 creatures vanquished.

Vanquished Creatures (collateral kills)
  An iguana (D:4)
  An adder zombie (D:4)
  A ball python (D:4)
  A rat (D:2)
4 creatures vanquished.

Grand Total: 44 creatures vanquished

Notes
Turn   | Place    | Note
-------+----------+-------------------------------------------
     0 | D:1      | vatarom the Draconian Transmuter began the quest for the Orb.
     0 | D:1      | Reached XP level 1. HP: 16/16 MP: 3/3
   879 | D:1      | Reached XP level 2. HP: 19/24 MP: 5/5
  1172 | D:2      | Found a sparkling altar of Nemelex Xobeh.
  1337 | D:2      | Learned a level 2 spell: Sticks to Snakes
  1470 | D:2      | Reached XP level 3. HP: 26/29 MP: 4/6
  2195 | D:3      | You fall through a shaft for 3 floors!
  2603 | D:5      | Entered Level 5 of the Dungeon
  2639 | D:4      | Noticed a scorpion
  2665 | D:4      | Killed a scorpion
  2665 | D:4      | Reached skill level 4 in Unarmed Combat
  2665 | D:4      | Reached XP level 4. HP: 32/37 MP: 1/7
  2734 | D:4      | Reached XP level 5. HP: 15/44 MP: 1/8
  3005 | D:4      | Reached skill level 5 in Unarmed Combat
  3092 | D:4      | HP: 1/45 [jackal (2)]
  3093 | D:4      | Slain by a jackal

Skill      XL: |  1  2  3  4  5 |
---------------+----------------+-----
Dodging        | 2 3 |  3.2
Fighting       | 2 3 |  3.3
Unarmed Combat | 4 5 |  5.1
Spellcasting   | |  2.0
Transmutations | |  2.0

Action                   |  1- 3 |  4- 6 || total
-------------------------+-------+-------++-------
Melee: Unarmed           |   158 |    45 ||   203
       Tailslap          |    18 |     3 ||    21
       Kick              |     2 |     5 ||     7
       Headbutt          |     1 |     5 ||     6
       Punch             |     1 |     1 ||     2
 Cast: Sticks to Snakes  |     4 |     6 ||    10
       Beastly Appendage |     3 |     5 ||     8
  Use: Scroll            |     5 |       ||     5
       Potion            |     7 |     2 ||     9
 Stab: Sleeping          |     1 |       ||     1
  Eat: Chunk             |     4 |     1 ||     5
       Fruit             |     2 |       ||     2
Armor: Skin              |    44 |     8 ||    52
Dodge: Dodged            |    90 |    40 ||   130
